 Dungeon Crawl Stone Soup version 0.21-a0-88-g13b9641 (webtiles) character file.

382 Ordine the Slasher (level 6, -3/44 HPs)
             Began as an Octopode Fighter on June 27, 2017.
             Slain by Prince Ribbit (5 damage)
             ... on level 5 of the Dungeon.
             The game lasted 00:11:13 (4362 turns).

Ordine the Slasher (Octopode Fighter)               Turns: 4362, Time: 00:11:14

Health: -3/44      AC:  1    Str: 15    XL:     6   Next: 76%
Magic:  6/6        EV: 12    Int: 11    God:
Gold:   124        SH:  9    Dex: 13    Spells: 5/5 levels left

rFire    . . .     SeeInvis .   a - +0 long sword
rCold    . . .     Gourm    .   b - +0 shield
rNeg     . . .     Faith    .   (helmet restricted)
rPois    .         Spirit   .   (no amulet)
rElec    .         Reflect  .   n - ring of protection from magic
rCorr    .         Harm     .   (no ring)
MR       +....                  (no ring)
Stlth    ++........             (no ring)
HPRegen  0.14/turn              (no ring)
MPRegen  0.10/turn              (no ring)
                                (no ring)
                                (no ring)

@: no status effects
A: almost no armour, stealthy swim, amphibious, 8 rings, constrict 8, camouflage
1, gelatinous body 1
a: no special abilities


You were on level 5 of the Dungeon.
You were not hungry.

You visited 2 branches of the dungeon, and saw 6 of its levels.

You collected 214 gold pieces.
You spent 90 gold pieces at shops.

Inventory:

Hand Weapons
 a - a +0 long sword (weapon)
Armour
 b - a +0 shield (worn)
Magical Staves
 f - an uncursed staff of conjuration
 r - an uncursed staff of power
Jewellery
 n - a ring of protection from magic (left tentacle)
Wands
 c - a wand of digging (16/24)
Scrolls
 g - 4 scrolls of amnesia
 h - 4 scrolls of remove curse
 v - a scroll of enchant weapon
Potions
 e - 7 potions of curing
 i - a potion of heal wounds {unknown}
 j - 2 potions of invisibility
 k - a potion of resistance {unknown}
 m - a potion of agility {unknown}
 o - a potion of berserk rage {unknown}
 q - a potion of lignification {unknown}
 s - a potion of haste {unknown}
 t - a potion of brilliance {unknown}
 u - a potion of degeneration {unknown}
Comestibles
 d - 5 bread rations
 l - 3 meat rations
 p - a royal jelly


   Skills:
 + Level 4.5 Fighting
 * Level 5.1 Long Blades
 - Level 3.0 Dodging
 + Level 4.3 Shields


You had 5 spell levels left.
You didn't know any spells.

Dungeon Overview and Level Annotations

Branches:
Dungeon (5/15)             Temple (1/1) D:4

Altars:
Ashenzari
Dithmenos
Fedhas
Hepliaklqana
Makhleb
Nemelex Xobeh
Okawaru
Ru
Sif Muna
Trog
Uskayaw
Vehumet
Wu Jian
The Shining One

Shops:
D:5 ?

Annotations:
D:5 Prince Ribbit


Innate Abilities, Weirdness & Mutations

You cannot wear most types of armour.
You are very stealthy in the water. (Stealth+)
You are amphibious.
You can wear up to eight rings at the same time.
You can use your tentacles to constrict eight enemies at once.
Your skin changes colour to match your surroundings (Stealth+).
Your rubbery body absorbs attacks. (AC +1, EV +1)


Message History

Reactivating autopickup.
Prince Ribbit blinks!
Number of times to repeat, then command key: You must enter the number of times for the command to repeat.
The sky beast flickers out of sight!
Deactivating autopickup; reactivate with Ctrl-A.
Prince Ribbit hops awkwardly around.
Prince Ribbit blinks!
You closely miss Prince Ribbit. Your grab misses Prince Ribbit.
Your squeeze misses Prince Ribbit.
Prince Ribbit is lightly wounded.
You block Prince Ribbit's attack. Something hits you. Something shocks you.
* * * LOW HITPOINT WARNING * * *
Prince Ribbit closely misses you. Something hits you.
* * * LOW HITPOINT WARNING * * *
Something shocks you.
* * * LOW HITPOINT WARNING * * *
Prince Ribbit completely misses you. Prince Ribbit hits you.
You die...

#.#.##.## #..........# #.
#.#.##..# #..........# #.
#.#.....# #..........# #.
####### #.####..###..........#
#. ......# #.#
#...#########.### ## ......#
#.# #.#.# #.# #. ......# #.#
#.#.#### #<# #. ......###.#
#.#....# #.# #.
..........####.#@.#.# #.# #.
..#............#F...######.###
#.
...............#.#...........#
#.
...#.#...#.................#.#
#.
#)#...#.#.......###.######.#.#
#.
.#.....#...#.................#
#.
.#.....#..#.....####.#####.###
## ##.....###...#.#####.# #.#
..#...#..#.(#........# #.#


You could see Prince Ribbit.

Vanquished Creatures
  An ogre (D:5)
  A crimson imp (D:5)
  Crazy Yiuf (D:4)
  A hound (D:4)
  Terence (D:2)
  An iguana (D:4)
  7 adders
  An ooze (D:4)
  An adder skeleton (D:4)
  A worm (D:4)
  A dart slug (D:2)
  3 leopard geckos
  8 orcs
  6 bats
  5 giant cockroaches
  10 goblins
  5 hobgoblins
  5 kobolds
  2 quokkas (D:2)
  2 ball pythons
  7 frilled lizards
  5 rats
75 creatures vanquished.

Notes
Turn   | Place    | Note
-------+----------+-------------------------------------------
     0 | D:1      | Ordine the Octopode Fighter began the quest for the Orb.
     0 | D:1      | Reached XP level 1. HP: 16/16 MP: 1/1
   260 | D:1      | Reached XP level 2. HP: 21/21 MP: 2/2
   929 | D:2      | Reached XP level 3. HP: 26/26 MP: 3/3
  1100 | D:2      | Reached skill level 3 in Long Blades
  1101 | D:2      | Noticed Terence
  1113 | D:2      | Killed Terence
  1113 | D:2      | Reached XP level 4. HP: 26/33 MP: 4/4
  2110 | D:3      | Reached XP level 5. HP: 28/37 MP: 5/5
  2190 | D:3      | Found a hide-covered altar of Uskayaw.
  2293 | D:3      | Found a shattered altar of Ashenzari.
  2313 | D:3      | Reached skill level 4 in Long Blades
  2610 | D:4      | Found a shadowy altar of Dithmenos.
  2815 | D:4      | Found a runed door.
  2927 | D:4      | Found a staircase to the Ecumenical Temple.
  2933 | Temple   | Entered the Ecumenical Temple
  3238 | D:4      | Found a blossoming altar of Fedhas.
  3482 | D:4      | Found a glowing golden altar of the Shining One.
  3646 | D:4      | Reached XP level 6. HP: 37/43 MP: 6/6
  3804 | D:4      | Noticed Crazy Yiuf
  3807 | D:4      | Killed Crazy Yiuf
  3857 | D:5      | Entered Level 5 of the Dungeon
  3879 | D:5      | Reached skill level 5 in Long Blades
  4081 | D:5      | Found Cimo's Magic Scroll Shop.
  4128 | D:5      | Bought a scroll of enchant weapon for 90 gold pieces
  4303 | D:5      | Noticed Prince Ribbit
  4325 | D:5      | Noticed a sky beast
  4360 | D:5      | HP: 2/44 [something (5)]
  4362 | D:5      | Slain by Prince Ribbit

Vault maps used:
D:1:      dpeg_arrival_circle_labyrinth_c, minmay_pentomino_t2
D:2:      minmay_door_path, uniq_terence
D:3:      lemuel_doored_altar, marbit_many_paths
D:4:      nicolae_overflow_crystal_walls, fedhas_altar_4,
          minmay_temple_entry_trees, nicolae_tso_swordbearing_angel,
          uniq_crazy_yiuf_cottage
D:5:      first_bread, serial_shops, shop, minmay_splitting_lines,
          uniq_prince_ribbit1
Temple:   jpeg_temple_alley_garden

Skill      XL: |  1  2  3  4  5  6 |
---------------+-------------------+-----
Long Blades    | 3 4 5 |  5.1
Fighting       | 4 |  4.5
Shields        | 4 |  4.3
Dodging        | |  3.0

Action                   |  1- 3 |  4- 6 || total
-------------------------+-------+-------++-------
Melee: Long sword        |    40 |   112 ||   152
       Tentacles         |    11 |    21 ||    32
       Constrict         |    11 |    33 ||    44
  Use: Scroll            |       |     9 ||     9
       Potion            |       |     1 ||     1
 Stab: Sleeping          |     5 |     5 ||    10
  Eat: Chunk             |     1 |    10 ||    11
Armor: Skin              |     4 |     3 ||     7
Dodge: Dodged            |    23 |    44 ||    67
Block: Shield            |    22 |    54 ||    76
       Rpst.: Long sword |    13 |    12 ||    25
